 Dungeon Crawl Stone Soup version 0.27.1-33-g824d729ab1 (webtiles) character file.

Game seed: 1067935624889807407

4300 schCrawler the Cleaver (level 10, -8/91 HPs)
             Began as a Minotaur Fighter on Nov 23, 2021.
             Was a Believer of Trog.
             Mangled by an orc warrior (13 damage)
             ... on level 8 of the Dungeon on Dec 11, 2021.
             The game lasted 02:29:45 (7839 turns).

schCrawler the Cleaver (Minotaur Fighter)           Turns: 7839, Time: 02:29:45

Health: -8/91      AC: 16    Str: 23    XL:     10   Next: 11%
Magic:  9/9        EV:  7    Int:  7    God:    Trog [**....]
Gold:   232        SH: 11    Dex:  9    Spells: 9/9 levels left

rFire    . . .     SeeInvis .   a - +0 war axe
rCold    . . .     Faith    .   c - +0 kite shield
rNeg     . . .     Spirit   .   i - +0 chain mail
rPois    .         Reflect  .   (helmet restricted)
rElec    .         Harm     .   I - +0 cloak
rCorr    .         Rampage  .   f - +2 pair of gloves
Will     .....                  (no boots)
Stlth    ..........             (no amulet)
HPRegen  0.25/turn              (no ring)
MPRegen  0.11/turn              (no ring)

@: on berserk cooldown, slowed, very slow
A: horns 2, retaliatory headbutt
a: Renounce Religion, Berserk, Trog's Hand


You were on level 8 of the Dungeon.
You worshipped Trog.
Trog was pleased with you.
You visited 2 branches of the dungeon, and saw 9 of its levels.

You collected 258 gold pieces.
You spent 26 gold pieces at shops.

Inventory:

Hand Weapons
 a - a +0 war axe (weapon)
 r - a +0 whip of freezing
 E - a +2 whip of draining
 F - a +4 hunting sling of flaming
 G - a +0 quarterstaff of speed
Missiles
 e - 265 stones
 j - 14 poisoned darts
 k - 20 boomerangs
 o - 14 arrows
 B - 2 javelins
 C - 7 silver boomerangs
 H - 48 sling bullets
Armour
 c - a +0 kite shield (worn)
 f - a +2 pair of gloves (worn)
 i - a +0 chain mail (worn)
 s - the +0 robe of Yvaidul {rPois rN+ Str+3}
   (You found it on level 5 of the Dungeon)

   Str:       It affects your strength (+3).
   rPois:     It protects you from poison.
   rN:        It protects you from negative energy.
 I - a +0 cloak (worn)
Magical Staves
 h - a staff of earth
 J - a staff of death
Jewellery
 y - an amulet of magic regeneration
Wands
 q - a wand of polymorph (10)
 w - a wand of digging (7)
 x - a wand of paralysis (9)
 K - a wand of flame (42) (quivered)
Scrolls
 b - 4 scrolls of identify
 g - 2 scrolls of teleportation
 m - 3 scrolls of amnesia
 n - 5 scrolls of noise
 u - 2 scrolls of magic mapping
 A - a scroll of enchant armour
Potions
 d - 2 potions of might
 l - 2 potions of curing
 p - 2 potions of brilliance
 t - 2 potions of flight
 v - a potion of berserk rage
 z - a potion of attraction
 D - a potion of magic


   Skills:
 + Level 9.4 Fighting
 * Level 10.2 Axes
 - Level 0.5 Slings
 + Level 9.0 Armour
 + Level 9.0 Shields


You had 9 spell levels left.
You didn't know any spells.
Your spell library contained the following spells:

 Spells                   Type           Power      Damage    Failure   Level
 Animate Skeleton         Necr           0%         N/A       99%         1
 Apportation              Tloc           0%         N/A       99%         1
 Corona                   Hex            0%         N/A       99%         1
 Summon Small Mammal      Summ           0%         N/A       99%         1
 Ensorcelled Hibernation  Hex/Ice        0%         N/A       100%        2
 Passwall                 Tmut/Erth      0%         N/A       100%        2
 Swiftness                Air            0%         N/A       100%        3
 Tukima's Dance           Hex            0%         N/A       100%        3
 Olgreb's Toxic Radiance  Pois           0%         N/A       100%        4
 Invisibility             Hex            0%         N/A       100%        6
 Ozocubu's Refrigeration  Ice            0%         4d5       100%        7
 Ignition                 Fire           0%         3d3       100%        8


Dungeon Overview and Level Annotations

Branches:
Dungeon (8/15)             Temple (1/1) D:5
   Lair: D:8-11

Altars:
Ashenzari
Cheibriados
Dithmenos
Elyvilon
Fedhas
Gozag
Kikubaaqudgha
Makhleb
Nemelex Xobeh
Okawaru
Ru
Sif Muna
Trog
Uskayaw
Vehumet
Wu Jian
Xom
Zin
The Shining One

Shops:
D:5 =(*(


Innate Abilities, Weirdness & Mutations

You have a pair of horns on your head.
You reflexively headbutt those who attack you in melee.


Message History

The orc warrior hits you with a +0 long sword.
* * * LOW HITPOINT WARNING * * *
An orc comes into view. It is wielding a +4 dagger.
You completely miss the orc warrior.
The orc shouts!
The orc warrior hits you with a +0 long sword!
* * * LOW HITPOINT WARNING * * *
The orc warrior hits you with a +0 long sword.
* * * LOW HITPOINT WARNING * * *
Aiming: Throw Flame
Press: ? - help, Q - select action, (/) - cycle Shift-Dir - straight line, f - orc warrior
Aim: an orc warrior, wielding a +0 long sword, wearing a +0 plate armour and carrying a wand of paralysis (9) (68% to hit)
The puff of flame hits the orc warrior.
The orc warrior is lightly wounded.
The orc warrior barely misses you.
Aiming: Throw Flame
Press: ? - help, Q - select action, (/) - cycle Shift-Dir - straight line, f/p - orc warrior
Aim: an orc warrior, wielding a +0 long sword, wearing a +0 plate armour and carrying a wand of paralysis (9) (lightly wounded, 68% to hit)
The puff of flame hits the orc warrior.
The orc warrior is moderately wounded.
The orc warrior barely misses you. You furiously retaliate!
You headbutt the orc warrior.
The orc warrior zaps a wand.
You easily resist.
Aiming: Throw Flame
Press: ? - help, Q - select action, (/) - cycle Shift-Dir - straight line, f/p - orc warrior
Aim: an orc warrior, wielding a +0 long sword, wearing a +0 plate armour and carrying a wand of paralysis (8) (heavily wounded, 68% to hit)
The puff of flame hits the orc warrior.
The orc warrior is severely wounded.
The orc warrior zaps a wand.
You easily resist.
The boulder beetle leaps!
Aiming: Throw Flame
Press: ? - help, Q - select action, (/) - cycle Shift-Dir - straight line, f/p - orc warrior
Aim: an orc warrior, wielding a +0 long sword, wearing a +0 plate armour and carrying a wand of paralysis (7) (severely wounded, 68% to hit)
The puff of flame hits the orc warrior but does no damage.
The orc warrior is severely wounded.
The orc warrior zaps a wand.
You easily resist.
The boulder beetle leaps!
The orc warrior hits you with a +0 long sword!
* * * LOW HITPOINT WARNING * * *
You block the troll's attack. x2; The troll claws you but does no damage.
You block the troll's attack. x3
The orc warrior hits you with a +0 long sword!
You die...

#### ...# #..# #..###
#...##### #...>B.#
#..###T##############
..##.##.HT.To@....†.......#
#......oJ###.####.#####.#.#
..##.##).#..... #.# #.#.# #
#..#.###.##.# #.#.# #....
....# #.#.# ...#. ####
#.#.# ....#.. #.#.# ..#.#
#. #.#.# #....# .# #.#.##


You could see a boulder beetle, a slime creature, a manticore, 3 trolls, an orc
warrior and an orc.

Vanquished Creatures
  Pikel (D:5)
  Joseph (D:7)
  A kobold demonologist (D:8)
  A hornet (D:6)
  A water moccasin (D:6)
  Duvessa (D:5)
  An ice beast (D:4)
  5 black bears
  A hornet zombie (D:7)
  4 necrophages
  5 phantoms
  A lemure (D:5)
  A bullfrog (D:7)
  A kobold brigand (D:6)
  A wyvern zombie (D:5)
  2 scorpions
  2 water moccasin zombies (D:5)
  Dowan (D:5)
  2 howler monkeys
  A bullfrog zombie (D:5)
  A centaur zombie (D:5)
  3 centaur skeletons
  3 orc priests
  3 hounds
  A jelly (D:4)
  2 bullfrog skeletons
  3 iguanas (D:5)
  Natasha (thrice) (D:3)
  6 orc wizards
  A killer bee zombie (D:6)
  A hound zombie (D:4)
  A hound skeleton (D:4)
  A gnoll (D:1)
  7 adders
  A howler monkey skeleton (D:7)
  A shadow imp (D:5)
  3 adder skeletons
  2 worms
  2 dart slugs
  15 orcs
  10 ball pythons
  2 endoplasms
  7 giant cockroaches
  9 goblins
  7 hobgoblins
  3 jackals (D:1)
  9 kobolds
  5 quokkas
  5 bats
  2 frilled lizards
  4 rats
157 creatures vanquished.

Vanquished Creatures (others)
  4 fungi (D:5)
  A plant (D:5)
5 creatures vanquished.

Grand Total: 162 creatures vanquished

Notes
Turn   | Place    | Note
-------+----------+-------------------------------------------
     0 | D:1      | schCrawler the Minotaur Fighter began the quest for the
                  | Orb.
     0 | D:1      | Reached XP level 1. HP: 19/19 MP: 0/0
   137 | D:1      | Reached XP level 2. HP: 25/27 MP: 1/1
   337 | D:1      | Reached skill level 3 in Axes
   390 | D:1      | Reached XP level 3. HP: 33/33 MP: 2/2
   992 | D:1      | Upgraded the game from 0.27.1-16-g815e20cd7a to
                  | 0.27.1-33-g824d729ab1
  1118 | D:2      | Found a faded altar of an unknown god.
  1572 | D:2      | Reached skill level 4 in Axes
  1572 | D:2      | Reached XP level 4. HP: 41/41 MP: 3/3
  2221 | D:3      | Noticed Natasha
  2225 | D:3      | Killed Natasha
  2336 | D:3      | Reached skill level 5 in Fighting
  2590 | D:3      | Noticed Natasha
  2600 | D:3      | Killed Natasha
  2601 | D:3      | Reached XP level 5. HP: 37/48 MP: 4/4
  2658 | D:3      | Noticed Natasha
  2664 | D:3      | Killed Natasha
  2757 | D:4      | Noticed a black bear
  2832 | D:3      | Killed a black bear
  2833 | D:3      | Reached XP level 6. HP: 41/56 MP: 5/5
  3031 | D:3      | Reached skill level 5 in Axes
  3031 | D:3      | Reached skill level 5 in Armour
  3031 | D:3      | Reached skill level 5 in Shields
  3095 | D:4      | Noticed an ice beast
  3121 | D:5      | Entered Level 5 of the Dungeon
  3177 | D:5      | Found a staircase to the Ecumenical Temple.
  3191 | D:5      | Reached XP level 7. HP: 49/63 MP: 6/6
  3310 | Temple   | Entered the Ecumenical Temple
  3465 | Temple   | Became a worshipper of Trog the Wrathful
  3764 | D:5      | Noticed Duvessa
  3766 | D:5      | Noticed Dowan
  3815 | D:5      | Killed Duvessa
  3816 | D:5      | Reached skill level 6 in Axes
  3823 | D:5      | Killed Dowan
  3985 | D:5      | Reached XP level 8. HP: 71/71 MP: 7/7
  4150 | D:5      | Noticed Pikel
  4176 | D:5      | Killed Pikel
  4177 | D:5      | Reached skill level 7 in Axes
  4251 | D:5      | Identified the +0 robe of Yvaidul {rPois rN+ Str+3}
  4268 | D:5      | Found an ancient bone altar of Kikubaaqudgha.
  4351 | D:5      | Found Woeddih's Weapon Boutique.
  4357 | D:5      | Found Yvops's Assorted Antiques.
  4358 | D:5      | Found Jimmuyny's Antique Weapon Boutique.
  4360 | D:5      | Found Horgh's Jewellery Boutique.
  4605 | D:5      | Reached * piety under Trog
  4606 | D:5      | Reached XP level 9. HP: 77/81 MP: 8/8
  4750 | D:5      | Bought a fizzy emerald potion for 26 gold pieces
  5210 | D:6      | Reached skill level 8 in Axes
  6238 | D:4      | Reached skill level 9 in Axes
  6523 | D:4      | Reached ** piety under Trog
  7053 | D:7      | Noticed Joseph
  7079 | D:7      | Killed Joseph
  7353 | D:7      | Reached XP level 10. HP: 86/91 MP: 9/9
  7392 | D:7      | Reached skill level 10 in Axes
  7808 | D:8      | Noticed a manticore
  7811 | D:8      | Noticed a soul eater
  7814 | D:8      | Noticed a boulder beetle
  7827 | D:8      | Noticed a rust devil
  7827 | D:8      | Noticed an elephant
  7839 | D:8      | Mangled by an orc warrior

Illustrated notes

Levels and vault maps discovered:
D:1:      lightli_arrival_windingriver, layout_loops_ring
D:2:      layout_rooms, shapermc_ecumenical_altar_hornbeckon,
          minmay_misc_feat_roman
D:3:      layout_basic, uniq_natasha
D:4:      layout_basic
D:5:      layout_cave_pools, mainiacjoe_overflow_concentric_impassable,
          minmay_temple_entry_trees, gup_sewer_entry_glass, serial_park,
          serial_park_gazebo [serial_park_minivault_5x5_5], serial_park_square3
          [serial_park_minivault_5x5_6], serial_park_square3
          [serial_park_minivault_5x5_3], serial_park_tiny_pond,
          grunt_ministairs_2, minmay_shop_grid_forest, uniq_duvessa, uniq_pikel
D:6:      layout_rooms
D:7:      layout_cave_pools, uniq_joseph
D:8:      minmay_the_grid_octo_2x2 [minmay_the_grid_octo_horde,
          minmay_the_grid_octo_checkerflower, minmay_the_grid_octo_toaster,
          minmay_the_grid_octo_prize_square_snowflake], layout_loops_ring,
          kennysheep_generic_room_14
Temple:   dpeg_five_rooms_temple

Skill      XL: |  1  2  3  4  5  6  7  8  9 10 |
---------------+-------------------------------+-----
Shields        | 4 5 6 7 8 9 |  9.0
Fighting       | 4 5 6 8 9 |  9.4
Axes           | 3 4 5 6 7 9 10 | 10.2
Armour         | 4 5 6 7 8 9 |  9.0
Slings         | |  0.5

Action                   |  1- 3 |  4- 6 |  7- 9 | 10-12 || total
-------------------------+-------+-------+-------+-------++-------
Melee: War axe           |    82 |    89 |   307 |    17 ||   495
       Headbutt          |    16 |    12 |    43 |     6 ||    77
       Unarmed           |       |       |    12 |       ||    12
       Whip              |       |       |    26 |       ||    26
Throw: Stone             |    31 |    27 |   115 |     1 ||   174
       Boomerang         |       |       |     7 |     4 ||    11
       Dart              |       |       |     7 |       ||     7
       Javelin           |       |       |     2 |       ||     2
Invok: Berserk           |       |       |     2 |     1 ||     3
Evoke: Wand              |       |       |       |     4 ||     4
  Use: Scroll            |     2 |     4 |     6 |       ||    12
       Potion            |       |     2 |     1 |     1 ||     4
Armor: Scale mail        |    16 |       |       |       ||    16
       Chain mail        |    18 |    69 |   168 |     7 ||   262
Dodge: Dodged            |    15 |    21 |    94 |     6 ||   136
Block: Kite shield       |    42 |    73 |   185 |    11 ||   311
